 Dungeon Crawl Stone Soup version 0.24.0-1-gfbc8707122 (webtiles) character file.

Game seed: 6797676067603809238, levelgen mode: deterministic

303 DavidChitty2 the Chopper (level 6, -3/55 HPs)
             Began as a Hill Orc Fighter on Oct 26, 2019.
             Was a Follower of Beogh.
             Killed by nerve-wracking pain
             ... invoked by an orc priest
              (8 damage)
             ... on level 4 of the Dungeon.
             The game lasted 00:04:10 (3024 turns).

DavidChitty2 the Chopper (Hill Orc Fighter)         Turns: 3024, Time: 00:04:11

Health: -3/55      AC: 13    Str: 21    XL:     6   Next: 38%
Magic:  7/7        EV:  5    Int:  8    God:    Beogh [*.....]
Gold:   188        SH: 10    Dex: 10    Spells: 5/5 levels left

rFire    . . .     SeeInvis .   a - +1 war axe
rCold    . . .     Gourm    .   c - +1 shield
rNeg     . . .     Faith    .   f - +0 chain mail
rPois    .         Spirit   .   (no helmet)
rElec    .         Reflect  .   q - +2 cloak
rCorr    .         Harm     .   (no gloves)
MR       .....                  h - +0 pair of boots
Stlth    ..........             (no amulet)
HPRegen  0.18/turn              g - ring of stealth
MPRegen  0.10/turn              (no ring)

@: no status effects
A: no striking features
a: Renounce Religion


You were on level 4 of the Dungeon.
You worshipped Beogh.
Beogh was aware of your devotion.
You were not hungry.

You visited 1 branch of the dungeon, and saw 4 of its levels.

You collected 188 gold pieces.

Inventory:

Hand Weapons
 a - a +1 war axe (weapon)
Armour
 c - a +1 shield (worn)
 f - a +0 chain mail (worn)
   (You found it on level 1 of the Dungeon)
 h - a +0 pair of boots (worn)
   (You found it on level 3 of the Dungeon)
 q - a +2 cloak (worn)
   (You found it on level 3 of the Dungeon)
Jewellery
 g - a ring of stealth (left hand)
   (You found it on level 2 of the Dungeon)
Scrolls
 i - a scroll of identify {@r1}
 k - a scroll of immolation {!r}
 o - a scroll of teleportation {@r4}
Potions
 b - 2 potions of haste {@q3}
 d - 2 potions of might
 j - a potion of ambrosia
 l - a potion of flight
 m - a potion of magic
 n - 3 potions of curing {@q1}
Comestibles
 e - 6 rations {!d}
 p - 5 chunks of flesh


   Skills:
 + Level 4.8 Fighting
 * Level 5.6 Axes
 + Level 4.3 Armour
 + Level 4.3 Shields
 + Level 2.2 Invocations


You had 5 spell levels left.
You didn't know any spells.
Your spell library was empty.

Dungeon Overview and Level Annotations

Branches:
Dungeon (4/15)
 Temple: D:4-7

Altars:
Fedhas
Trog
Yredelemnul


Message History

You block the orc priest's attack. The worm completely misses you.
You slash the worm!
You kill the worm!
Beogh accepts your kill. You block the orc priest's attack.
The orc priest looks encouraged for a moment.
The orc priest calls down the wrath of Beogh upon you.
Beogh smites you! You block the orc's attack.
You slash the orc priest! You barely miss the orc.
An orc comes into view. It is wielding a +0 whip.
The orc priest calls upon Beogh to heal the orc priest.
The orc priest is healed somewhat.
You block the orc priest's attack. The orc hits you but does no damage.
You hit the orc priest. You hit the orc.
The orc priest calls down the wrath of Beogh upon you.
Pain shoots through your body! The orc hits you but does no damage.
The orc priest barely misses you. You block the orc's attack.
You slice the orc priest!!
You kill the orc priest!
Beogh accepts your kill.
Beogh appreciates your killing of a heretic priest.
Your shield and chain mail prevent you from hitting the orc.
You block the orc's attack. You block the orc priest's attack.
The orc hits you but does no damage.
You closely miss the orc. You hit the orc. You slash the orc priest!
You block the orc's attack. The orc priest closely misses you.
The orc barely misses you.
Your shield and chain mail prevent you from hitting the orc.
You closely miss the orc. You closely miss the orc priest.
The orc hits you with a +0 dagger of electrocution.
You are electrocuted!
* * * LOW HITPOINT WARNING * * *
The orc priest hits you but does no damage.
You block the orc's attack.
Your chain mail prevents you from hitting the orc priest.
You slash the orc!
You kill the orc!
Beogh accepts your kill.
You hit the orc. You block the orc's attack.
The orc priest hits you but does no damage.
The orc hits you but does no damage.
You are electrocuted!
* * * LOW HITPOINT WARNING * * *
The orc priest hits you but does no damage.
You hit the orc priest. You hit the orc but do no damage.
You block the orc's attack.
The orc priest calls down the wrath of Beogh upon you.
Pain shoots through your body!
You die...
Beogh appreciates the orc priest's killing of a heretic priest.

... . #####....
.$. .........
.... #[.......
.....####........
.................
.......)oo......#
......)@.†......
.....#..........
#.##.#..........
#.?.......... #
##....#....... #.
##....##..#....
..##..#...###
#.#....
.......<.÷# ##
### #.##.....##


You could see an orc priest and an orc.

Vanquished Creatures
  A bullfrog (D:4)
  2 orc priests
  An orc wizard (D:3)
  A worker ant (D:4)
  6 adders
  3 oozes
  A worm (D:4)
  A dart slug (D:3)
  A leopard gecko (D:1)
  8 orcs
  2 giant cockroaches (D:1)
  7 goblins
  3 hobgoblins
  7 kobolds
  2 quokkas
  2 ball pythons
  6 bats
  2 frilled lizards
  5 rats
  A spectral orc (D:3)
62 creatures vanquished.

Vanquished Creatures (others)
  An orc (D:3)
  A rat (D:3)
2 creatures vanquished.

Grand Total: 64 creatures vanquished

Notes
Turn   | Place    | Note
-------+----------+-------------------------------------------
     0 | D:1      | DavidChitty2 the Hill Orc Fighter began the quest for the
                  | Orb.
     0 | D:1      | Reached XP level 1. HP: 19/19 MP: 1/1
    72 | D:1      | Reached skill level 3 in Axes
    75 | D:1      | Reached XP level 2. HP: 23/27 MP: 2/2
   294 | D:1      | Reached XP level 3. HP: 33/33 MP: 3/3
  1386 | D:2      | Found a bloodstained altar of Trog.
  1423 | D:2      | Reached skill level 4 in Axes
  1684 | D:2      | Reached XP level 4. HP: 39/40 MP: 4/4
  2114 | D:3      | Became a worshipper of Beogh the Brigand
  2192 | D:3      | Found a faded altar of an unknown god.
  2275 | D:3      | Found a blossoming altar of Fedhas.
  2499 | D:3      | Reached skill level 1 in Invocations
  2499 | D:3      | Reached XP level 5. HP: 35/47 MP: 5/5
  2584 | D:3      | Reached skill level 5 in Axes
  2843 | D:3      | Found a basalt altar of Yredelemnul.
  2912 | D:4      | Reached XP level 6. HP: 38/55 MP: 7/7
  3023 | D:4      | Reached * piety under Beogh
  3024 | D:4      | Killed from afar by an orc priest

Levels and vault maps discovered:
D:1:      matt_arrival_refuge, layout_loops_ring, kennysheep_small_spiral,
          supply_closet_lemuel
D:2:      layout_basic, lightli_temple_of_fire
D:3:      layout_loops_ring, old_standard_altar,
          yredelemnul_forgotten_temple_becter, first_ration,
          chequers_ecumenical_altar_simple_redux
D:4:      layout_cave_pools, uniq_blork_the_orc, uniq_crazy_yiuf_cottage,
          uniq_ijyb

Skill      XL: |  1  2  3  4  5 |
---------------+----------------+-----
Axes           | 3 4 5 |  5.6
Fighting       | 4 |  4.8
Armour         | 4 |  4.3
Shields        | 4 |  4.3
Invocations    | 1 2 |  2.2

Action                   |  1- 3 |  4- 6 || total
-------------------------+-------+-------++-------
Melee: War axe           |   134 |   115 ||   249
Invok: Convert to Beogh  |       |     1 ||     1
  Use: Scroll            |    10 |     2 ||    12
  Eat: Chunk             |     3 |     4 ||     7
Armor: Chain mail        |    91 |    53 ||   144
Dodge: Dodged            |    31 |    25 ||    56
Block: Shield            |    70 |    90 ||   160
